Map: El Dorado

Players

MASCAPITO - Winner!

  • Race: Terran Terran
  • League: Master
  • Spawn Location: 7:00

GangusKaun

  • Race: Protoss Protoss
  • League: Gold
  • Spawn Location: 5:00

VOD

Have the link to the VOD?

Description

Time

  • Played on: Dec. 9, 2024, 12:03 a.m.
  • Length: 10:43
Show
View Real Time Build Order
Export as new Build Order

MASCAPITO Terran - Winner!

Build Orders: Banshee Rush 

Get SALT Encoding   

  12  0:02  SCV  
  13  0:17  Supply Depot  
  13  0:18  SCV  
  14  0:26  Refinery  
  14  0:41  Barracks  
  15  0:42  SCV  
  15  0:51  Refinery  
  15  0:57  SCV  
  16  1:09  Supply Depot  
  16  1:12  SCV  
  17  1:41  SCV  
  17  1:43  Factory, Barracks Reactor  
  18  1:54  Orbital Command  
  18  2:28  SCV  
  18  2:29  Factory Tech Lab  
  19  2:32  Marine  
  19  2:33  Marine  
  19  2:34  Starport  
  21  2:40  SCV  
  22  2:50  Marine x2  
  24  2:52  SCV  
  25  3:04  SCV  
  26  3:08  Marine x2  
  26  3:09  Factory Tech Lab  
  26  3:12  Supply Depot  
  28  3:26  Marine x2  
  30  3:33  Banshee  
  33  3:34  Siege Tank  
  33  3:35  Supply Depot  
  33  3:39  SCV  
  37  3:48  Cloaking Field  
  37  3:50  Marine  
  37  3:51  SCV  
  39  3:57  Marine  
  39  3:58  Supply Depot  
  40  4:06  Siege Tank  
  43  4:10  Marine  
  43  4:14  Marine  
  45  4:19  Banshee  
  48  4:26  Supply Depot  
  48  4:31  Marine  
  48  4:38  Marine, Siege Tank  
  53  4:49  Supply Depot  
  53  4:53  Engineering Bay  
  53  4:57  Marine x2  
  55  5:02  Banshee  
  58  5:26  Marine  
  58  5:27  Marine  
  60  5:29  Siege Tank  
  60  5:33  Supply Depot  
  63  5:44  Marine x2  
  63  5:45  Banshee  
  67  6:26  Marine x2  
  67  6:27  Siege Tank  
  59  6:44  Marine x2  
  59  6:45  Banshee  
  51  7:18  Marine x2  
  50  7:36  Marine  
  51  7:43  Marine, Supply Depot  
  52  7:45  Banshee  
  52  7:49  Siege Tank  
  58  7:54  Marine  
  55  8:12  Marine x2  
  57  8:21  Siege Tank  
  57  8:28  Liberator  
  57  8:29  Marine  
  61  8:34  Marine  
  60  8:47  Marine  
  58  9:11  Banshee  
  58  9:16  Marine x2  
  62  9:34  Marine x2  
  62  9:52  Marine x2  
  64  9:54  Raven  
  64  10:09  Marine  
  64  10:10  Marine  
Show
View Real Time Build Order
Export as new Build Order

GangusKaun Protoss 

Build Orders: 1 Gate Expand, Blink Stalkers 

Get SALT Encoding   

  12  0:11  Pylon  
  12  0:13  Probe  
  13  0:25  Probe  
  14  0:32  Gateway  
  14  0:39  Probe  
  15  0:46  Assimilator  
  15  0:51  Probe  
  16  1:03  Probe  
  17  1:16  Probe  
  18  1:24  Cybernetics Core  
  18  1:28  Probe  
  19  1:42  Nexus  
  19  1:48  Probe  
  20  1:54  Adept  
  20  1:56  Warp Gate  
  20  2:00  Probe  
  23  2:15  Pylon  
  23  2:19  Assimilator  
  23  2:33  Probe  
  24  2:38  Twilight Council  
  24  2:44  Shield Battery  
  24  2:45  Probe  
  24  2:50  Adept  
  25  2:55  Probe  
  25  2:57  Probe  
  29  3:07  Probe  
  29  3:10  Probe  
  31  3:19  Probe  
  32  3:38  Probe x2  
  34  3:49  Blink  
  34  3:50  Probe  
  35  4:02  Pylon  
  35  4:04  Pylon  
  35  4:12  Robotics Facility  
  35  4:15  Gateway  
  35  4:17  Gateway, Probe  
  35  4:19  Pylon  
  35  4:23  Probe  
  37  4:29  Probe  
  38  4:35  Probe  
  39  4:42  Probe  
  40  4:47  Assimilator  
  40  4:48  Probe  
  40  4:50  Assimilator, Gateway  
  40  4:51  Gateway  
  41  4:54  Probe  
  42  5:00  Probe  
  42  5:04  Dark Shrine  
  43  5:09  Forge  
  43  5:11  Probe  
  43  5:12  Probe  
  45  5:15  Pylon  
  45  5:21  Stalker x3  
  51  5:37  Probe x2  
  51  5:38  Immortal  
  55  5:50  Charge  
  55  5:56  Stalker x4  
  59  6:05  Probe  
  59  6:06  Probe  
  61  6:16  Dark Templar  
  61  6:18  Probe  
  59  6:26  Zealot x3  
  58  6:33  Immortal  
  50  6:51  Stalker x2  
  50  6:52  Zealot  
  52  7:06  Observer  
  40  7:16  Stalker x3  
  40  7:30  Probe  
  40  7:31  Probe  
  33  7:37  Immortal  
  33  7:40  Dark Templar x2  
  33  7:42  Zealot  
  33  7:43  Probe  
  32  7:58  Gateway  
  32  8:00  Gateway  
  32  8:03  Photon Cannon  
  32  8:04  Photon Cannon  
  27  8:15  Photon Cannon  
  27  8:22  Photon Cannon  
  27  8:25  Dark Templar  
  25  8:27  Pylon  
  25  8:43  Stalker x2  
  29  8:53  Photon Cannon  
  29  8:57  Pylon  
  29  9:22  Stalker x2  
  23  9:47  Pylon  
  23  9:48  Pylon  
  22  9:54  Pylon  
  12  10:12  Stalker x2  
Tags
 
Composition
Blink Stalkers
Matchup
PvT
Spawn Locations
Close Positions
Strategy
Banshee Rush
Add a new tag
Caveats
  • Supply blocks, unpowered buildings, or Contaminate may cause inaccurate times.
  • Supply counts are checked every 10 seconds.